Unix NetHack Version 5.0.0-0 post-release - last build Jun 10 2026 00:39:30 (3ee93aec679c4c4259841fe613dc97188e26a321,branch:main).

Game began 2026-06-30 17:59:47, ended 2026-06-30 18:07:01.

HenriqueII, lawful male human Archeologist

                                  -------    ------
                                  |......#   |....|
                               #q@.F....|##  |....|
                              ##  ------- ###...<.|
                              #              |....|
                              #              |....|
                              #              |....|
                             ##              ---.--

HenriqueII the Digger      St:10 Dx:10 Co:12 In:16 Wi:18 Ch:9  Lawful
Dlvl:4  $:146 HP:0(22) Pw:7(7) AC:9  Xp:2 T:1588 

Latest messages:
 The pony kicks!
 The pony bites!
 Are you sure you want to pray? [yn] (n) y
 You begin praying to Quetzalcoatl.
 You are surrounded by a shimmering light.
 The pony starts to attack you, but pulls back.
 The pony starts to attack you, but pulls back.
 The pony starts to attack you, but pulls back.
 The pony starts to attack you, but pulls back.
 The pony starts to attack you, but pulls back.
 You finish your prayer.
 You feel that Quetzalcoatl is well-pleased.
 You feel much better.
 What do you want to write with? [- ajt or ?*] -
 Do you want to add to the current engraving? [ynq] (y) y
 You add to the writing in the dust with your fingertip.
 What do you want to add to the writing in the dust here? 
 Never mind.
 What do you want to write with? [- ajt or ?*] .
 You don't have that object.
 What do you want to write with? [- ajt or ?*] -
 Do you want to add to the current engraving? [ynq] (y) n
 You wipe out the message that was written in the dust here.
 You write in the dust with your fingertip.
 What do you want to write in the dust here? Elbereth
 The pony turns to flee.
 The rothe turns to flee.
 You stop searching.
 You already found a monster.  Use 'm' prefix to force another search.
 Something is written here in the dust.
 You read: "Elbe?et?".
 You see no objects here.
 What do you want to write with? [- ajt or ?*] -
 Do you want to add to the current engraving? [ynq] (y) n
 You wipe out the message that was written in the dust here.
 You write in the dust with your fingertip.
 What do you want to write in the dust here? Elbereth
 The rothe hits!
 The rothe bites!
 The rothe bites again!
 What do you want to write with? [- ajt or ?*] -
 Do you want to add to the current engraving? [ynq] (y) n
 You wipe out the message that was written in the dust here.
 You write in the dust with your fingertip.
 What do you want to write in the dust here? Elbereth
 The rothe hits!
 The rothe bites!
 The rothe bites again!
 You die...
 Do you want your possessions identified? [ynq] (y) q

Inventory:
 Coins    ('$')
  $ - 146 gold pieces
 Weapons  (')')
  a - a +2 bullwhip (alternate weapon; not wielded)
 Armor    ('[')
  c - an uncursed +0 fedora (being worn)
  b - an uncursed +0 leather jacket (being worn)
 Comestibles  ('%')
  o - an uncursed cram ration
  d - 3 uncursed food rations
 Scrolls  ('?')
  l - an uncursed scroll of teleportation
 Potions  ('!')
  m - an uncursed potion of hallucination
 Tools    ('(')
  h - an empty uncursed sack
  p - a +0 pick-axe (weapon in right hand)
  f - a tinning kit (0:50)
 Gems/Stones  ('*')
  j - an uncursed obsidian stone
  t - an uncursed touchstone

HenriqueII the Archeologist's attributes:

Background:
 You were a Digger, a level 2 male human Archeologist.
 You were lawful, on a mission for Quetzalcoatl
 who was opposed by Camaxtli (neutral) and Huhetotl (chaotic).
 You were right-handed.
 You were in the Dungeons of Doom, on level 4.
 You entered the dungeon 1588 turns ago.
 There was a full moon in effect when your adventure ended.
 You had 36 experience points, 4 more were needed to attain level 3.

Basics:
 You had 0 out of 22 hit points.
 You had all 7 energy points (spell power).
 Your armor class was 9.
 Your wallet contained 146 zorkmids.
 Autopickup was on for '$!?/="' plus thrown, with exceptions.

Final Characteristics:
 Your strength was 10 (limit:18/100).
 Your dexterity was 10 (limit:18).
 Your constitution was 12 (limit:18).
 Your intelligence was 16 (limit:18).
 Your wisdom was 18 (limit:18).
 Your charisma was 9 (limit:18).

Final Status:
 You weren't hungry.
 You were unencumbered.
 You were wielding a pick-axe.
 You had basic skill with pick-axe.

Final Attributes:
 You were devoutly aligned.
 You had automatic searching.
 You were lucky.
 You are dead.

Miscellaneous:
 You encountered 1 bones level.
 Total elapsed playing time was 7 minutes and 13 seconds.

Major events:
 Turn
    1: HenriqueII the lawful male human Archeologist entered the dungeon
 1030: entered the Gnomish Mines
 1588: killed by a rothe

You didn't know any spells.

Skills:
 Fighting Skills
   bare handed combat [Unskilled]
   two weapon combat  [Unskilled]
   riding             [Unskilled]
 Weapon Skills
   dagger             [Unskilled]
   knife              [Unskilled]
   pick-axe           [Basic]
   short sword        [Unskilled]
   saber              [Unskilled]
   club               [Unskilled]
   quarterstaff       [Unskilled]
   sling              [Unskilled]
   dart               [Unskilled]
   boomerang          [Unskilled]
   whip               [Basic]
   unicorn horn       [Unskilled]
 Spellcasting Skills
   attack spells      [Unskilled]
   healing spells     [Unskilled]
   divination spells  [Unskilled]
   matter spells      [Unskilled]

Voluntary challenges:
 Character rerolling was not enabled.
 You were vegetarian.
 You never genocided any monsters.
 You never polymorphed an object.
 You never changed form.
 You used no wishes.
Achievement:
 You entered the Gnomish Mines.

 The Dungeons of Doom: levels 1 to 4
    Level 1:
       An altar to Quetzalcoatl.
    Level 2:
    Level 3:
       A fountain.
       Stairs down to The Gnomish Mines.
    Level 4: <- You were here.
       Final resting place for
          you, killed by a rothe,
          h2g2-Ran-Elf-Fem-Cha, killed by a rothe.
 The Gnomish Mines:
    Level 4:


Vanquished creatures:
  a gas spore
  a green mold
  a gecko
  3 jackals
  a fox
  3 kobolds
  3 goblins
  5 grid bugs
  3 bats
  a lichen
  a kobold zombie
  a newt
24 creatures vanquished.

No species were genocided or became extinct.

Game over:
                       ----------
                      /          \
                     /    REST    \
                    /      IN      \
                   /     PEACE      \
                  /                  \
                  |    HenriqueII    |
                  |      146 Au      |
                  |   killed by a    |
                  |      rothe       |
                  |                  |
                  |                  |
                  |       2026       |
                 *|     *  *  *      | *
        _________)/\\_//(\/(/\)/\//\/|_)_______

Goodbye HenriqueII the Archeologist...

You died in The Dungeons of Doom on dungeon level 4 with 426 points,
and 146 pieces of gold, after 1588 moves.
You were level 2 with a maximum of 22 hit points when you died.

